 Dungeon Crawl Stone Soup version 0.23.0-3-gf3c87f2 (webtiles) character file.

Game seed: 2865562201780476

8607 Hasart the Slasher (level 10, -7/86 HPs)
             Began as a Demigod Fighter on Feb 24, 2019.
             Killed from afar by a gargoyle (17 damage)
             ... with a stone arrow
             ... on level 11 of the Dungeon.
             The game lasted 00:21:46 (10159 turns).

Hasart the Slasher (Demigod Fighter)               Turns: 10159, Time: 00:21:46

Health: -7/86      AC: 10    Str: 25    XL:     10   Next: 88%
Magic:  13/13      EV: 16    Int: 12    God:
Gold:   259        SH: 12    Dex: 22    Spells: 7/9 levels left

rFire    + . .     SeeInvis +   N - +2 scimitar (flame)
rCold    . . .     Gourm    +   c - +0 shield
rNeg     . . .     Faith    .   G - +3 leather armour of the Neverending Ships {Dex+4 Slay+3}
rPois    +         Spirit   .   v - +0 helmet
rElec    .         Reflect  .   M - +0 cloak
rCorr    .         Harm     .   L - +0 pair of gloves
MR       +....                  (no boots)
Stlth    ++........             u - amulet of the gourmand
HPRegen  0.24/turn              d - ring "Byhuixuts" {Wiz *Drain rF+ Dex+3 SInv}
MPRegen  0.13/turn              P - ring of poison resistance

@: no status effects
A: high mp 1
a: no special abilities


You were on level 11 of the Dungeon.
You were very full.

You visited 1 branch of the dungeon, and saw 11 of its levels.

You collected 441 gold pieces.
You spent 182 gold pieces at shops.

Inventory:

Hand Weapons
 a - a +0 long sword of holy wrath
 F - a +5 scimitar
 H - a +2 scimitar of venom
 N - a +2 scimitar of flaming (weapon)
 R - a +0 double sword
Missiles
 I - a throwing net (quivered)
Armour
 c - a +0 shield (worn)
 v - a +0 helmet (worn)
 G - the +3 leather armour of the Neverending Ships (worn) {Dex+4 Slay+3}
   (You found it on level 6 of the Dungeon)

   It affects your dexterity (+4).
   It affects your accuracy and damage with ranged weapons and melee attacks
   (+3).
 L - a +0 pair of gloves (worn)
 M - a +0 cloak (worn)
Jewellery
 d - the ring "Byhuixuts" (left hand) {Wiz *Drain rF+ Dex+3 SInv}
   (You found it on level 5 of the Dungeon)

   [ring of wizardry]

   It improves your spell success rate.
   It affects your dexterity (+3).
   It protects you from fire.
   It lets you see invisible.
   It causes draining when unequipped.
 u - an amulet of the gourmand (around neck)
 D - a +2 ring of protection
 O - an uncursed ring of protection from fire {unknown}
 P - a ring of poison resistance (right hand)
Wands
 b - a wand of acid (21)
 y - a wand of digging (12)
 J - a wand of iceblast (5)
Scrolls
 h - 2 scrolls of fear {unknown}
 l - 2 scrolls of blinking {unknown}
 m - a scroll of immolation {unknown}
 n - 3 scrolls of remove curse
 p - 3 scrolls of teleportation {unknown}
 q - a scroll of random uselessness {unknown}
 r - 3 scrolls of magic mapping {unknown}
 s - 2 scrolls of amnesia
 w - a scroll of enchant weapon {unknown}
 x - 2 scrolls of enchant armour {unknown}
 A - a scroll of acquirement {unknown}
 K - 2 scrolls of identify {unknown}
Potions
 e - 3 potions of haste
 g - 7 potions of curing
 i - 3 potions of berserk rage {unknown}
 j - a potion of invisibility {unknown}
 k - 3 potions of heal wounds
 o - a potion of agility {unknown}
 t - 3 potions of brilliance {unknown}
 z - 2 potions of lignification {unknown}
 B - 2 potions of degeneration {unknown}
 C - a potion of mutation
 E - a potion of flight {unknown}
Comestibles
 f - 20 rations
 Q - 2 chunks of flesh


   Skills:
 + Level 7.0 Fighting
 * Level 7.5 Long Blades
   Level 5.5 Axes
 + Level 7.0 Armour
 + Level 6.3 Dodging
 + Level 7.1 Shields


You had 7 spell levels left.
You knew the following spells:

 Your Spells              Type           Power        Failure   Level  Hunger
a - Swiftness             Chrm/Air       #.......     50%         2    ###....

Your spell library contained the following spells:

 Spells                   Type           Power        Failure   Level  Hunger
 Confusing Touch          Hex            #.....       38%         1    ##.....
 Sandblast                Erth           #.....       38%         1    ##.....
 Shock                    Conj/Air       #...         38%         1    ##.....
 Passwall                 Tmut/Erth      #.......     50%         2    ###....
 Confuse                  Hex            #.......     73%         3    ####...
 Gell's Gravitas          Tloc           #.........   73%         3    ####...
 Static Discharge         Conj/Air       #.......     73%         3    ####...
 Stone Arrow              Conj/Erth      #.....       73%         3    ####...
 Airstrike                Air            #.........   98%         4    #####..
 Petrify                  Tmut/Erth      #.......     98%         4    #####..
 Lee's Rapid Deconstruct  Erth           #.........   100%        5    ######.
 Lightning Bolt           Conj/Air       #.........   100%        5    ######.
 Metabolic Englaciation   Hex/Ice        #.........   100%        5    ######.
 Yara's Violent Unravell  Hex/Tmut       #.........   100%        5    ######.


Dungeon Overview and Level Annotations

Branches:
Dungeon (11/15)            Temple (0/1) D:4            Lair (0/6) D:9
    Orc: D:9-12

Shops:
D:4 *   D:7 !

Annotations:
D:8 2 transporters, xccam's ghost, novice GnGl


Innate Abilities, Weirdness & Mutations

You have an increased reservoir of magic. (+10% MP)


Message History

The iguana bites you.
You slice the iguana!! You burn the iguana.
You kill the iguana!
You hear the faint crackling of a distant melting archway.
You see here an iguana corpse.
You butcher the iguana corpse.
Q - 2 chunks of flesh You see here an iguana skeleton.
You see here a helmet.
A gargoyle comes into view. It is wielding a +0 mace.
The gargoyle hurls a stone arrow at you.
The stone arrow hits you!!
* * * LOW HITPOINT WARNING * * *
Found a scroll labeled PEELIM RAUNTAM.
The gargoyle barely misses you.
Unknown command.
You barely miss the gargoyle.
The gargoyle hurls a stone arrow at you.
The stone arrow hits you!
You die...

....##... ##...
........##... ..
#..........## #.
#.....#.....### ... .
#.#....# ..#... ..
##.#.##.####..... ...
#....##..<....# ....
##..#######...9##...?.
###...# .##@....# ....#.#
###.##### .##...# #.#####
#..### #.....# #.## #####.#
##.## ######[##### ....#
#..........#
....###########รท.........#
.........................#


You could see a gargoyle.

Vanquished Creatures
  A hydra (D:11)
  Erica (D:9)
  2 two-headed ogres
  Pikel (D:9)
  Joseph (D:8)
  A troll (D:10)
  Grinder (D:5)
  Sigmund (D:5)
  Eustachio (D:4)
  An acid dragon (D:11)
  3 orc warriors
  5 sky beasts
  An ice beast (D:6)
  2 phantoms
  5 ogres
  3 centaurs
  A big kobold (D:8)
  5 bullfrogs
  2 gnoll sergeants
  A water moccasin zombie (D:9)
  21 wights
  2 howler monkeys
  3 crimson imps
  2 bullfrog zombies
  A centaur zombie (D:6)
  2 orc priests
  A gnoll shaman (D:8)
  7 hounds
  2 jellies
  A bullfrog skeleton (D:9)
  2 iguanas
  5 orc wizards
  4 worker ants
  A hound zombie (D:8)
  2 hound skeletons (D:7)
  2 worker ant zombies
  A howler monkey zombie (D:7)
  16 gnolls
  7 adders
  A shadow imp (D:8)
  2 oozes
  2 adder zombies
  3 worms
  2 dart slugs (D:1)
  2 leopard geckos
  28 orcs
  3 giant cockroaches
  4 goblins
  3 hobgoblins
  12 jackals
  17 kobolds
  2 quokkas
  3 ball pythons
  A ball python skeleton (D:4)
  4 bats
  7 frilled lizards
  A jackal skeleton (D:7)
  A leopard gecko skeleton (D:4)
  A leopard gecko zombie (D:5)
  11 rats
231 creatures vanquished.

Vanquished Creatures (others)
  2 slaves (D:9)
  A black bear (D:9)
  A worker ant (D:5)
4 creatures vanquished.

Grand Total: 235 creatures vanquished

Notes
Turn   | Place    | Note
-------+----------+-------------------------------------------
     0 | D:1      | Hasart the Demigod Fighter began the quest for the Orb.
     0 | D:1      | Reached XP level 1. HP: 18/18 MP: 3/3
   178 | D:1      | Reached XP level 2. HP: 25/25 MP: 4/4
  1000 | D:2      | Reached XP level 3. HP: 30/30 MP: 5/5
  1613 | D:2      | Reached skill level 1 in Dodging
  2416 | D:3      | Reached XP level 4. HP: 38/38 MP: 6/6
  3056 | D:4      | Reached skill level 1 in Axes
  3056 | D:4      | Reached XP level 5. HP: 6/45 MP: 7/7
  3346 | D:4      | Found Rikky's Assorted Antiques.
  3518 | D:4      | Noticed an ogre
  3527 | D:4      | Killed an ogre
  3815 | D:4      | Reached XP level 6. HP: 51/51 MP: 8/8
  3845 | D:4      | Found a staircase to the Ecumenical Temple.
  3862 | D:4      | Noticed Eustachio
  3887 | D:4      | Killed Eustachio
  4453 | D:5      | Entered Level 5 of the Dungeon
  4463 | D:5      | Noticed Sigmund
  4463 | D:5      | Noticed Grinder
  4472 | D:5      | Killed Sigmund
  4472 | D:5      | Reached XP level 7. HP: 56/59 MP: 9/9
  4477 | D:5      | Killed Grinder
  4552 | D:5      | Found a shimmering altar of Xom.
  4845 | D:5      | Got a heavily runed marble ring
  4846 | D:5      | Identified the ring "Byhuixuts" {Wiz *Drain rF+ Dex+3 SInv}
                  | (You found it on level 5 of the Dungeon)
  4899 | D:5      | Reached XP level 8. HP: 54/67 MP: 10/10
  5259 | D:6      | Reached skill level 5 in Axes
  5577 | D:6      | You fall through a shaft for 2 floors!
  5632 | D:7      | Reached skill level 5 in Fighting
  5634 | D:7      | Reached skill level 5 in Shields
  5660 | D:7      | Found a shadowy altar of Dithmenos.
  5665 | D:7      | Reached skill level 5 in Armour
  5690 | D:7      | Found Ajeph's Distillery.
  5696 | D:7      | Bought a potion of heal wounds for 70 gold pieces
  5696 | D:7      | Bought a potion of mutation for 112 gold pieces
  6375 | D:8      | Reached XP level 9. HP: 74/74 MP: 11/11
  6426 | D:6      | Got an ancient leather armour
  6437 | D:6      | Identified the +3 leather armour of the Neverending Ships
                  | {Dex+4 Slay+3} (You found it on level 6 of the Dungeon)
  7149 | D:8      | Noticed xccam's ghost (novice GnGl)
  7152 | D:8      | Found a transporter.
  7158 | D:8      | Noticed Joseph
  7169 | D:8      | Killed Joseph
  7175 | D:8      | Found a transporter.
  7297 | D:8      | Reached skill level 5 in Long Blades
  7322 | D:8      | Reached skill level 5 in Dodging
  7372 | D:8      | Learned a level 2 spell: Swiftness
  7583 | D:8      | You fall through a shaft!
  7592 | D:9      | Found a hazy altar of Hepliaklqana.
  7655 | D:9      | Found a staircase to the Lair.
  7933 | D:9      | Noticed Erica
  7941 | D:9      | Killed Erica
  8329 | D:9      | Reached XP level 10. HP: 83/83 MP: 13/13
  8596 | D:9      | Noticed Pikel
  8608 | D:9      | Killed Pikel
  8620 | D:9      | Noticed a two-headed ogre
  8631 | D:9      | Killed a two-headed ogre
  8795 | D:10     | Entered Level 10 of the Dungeon
  9362 | D:10     | Noticed a two-headed ogre
  9367 | D:10     | Killed a two-headed ogre
  9709 | D:10     | HP: 2/84 [troll (15)]
 10098 | D:11     | Noticed a six-headed hydra
 10108 | D:11     | Killed a one-headed hydra
 10159 | D:11     | Killed from afar by a gargoyle

Skill      XL: |  1  2  3  4  5  6  7  8  9 10 |
---------------+-------------------------------+-----
Long Blades    | 2 3 5 7 |  7.5
Shields        | 3 4 5 6 7 |  7.1
Fighting       | 3 4 5 6 7 |  7.0
Armour         | 3 4 5 6 7 |  7.0
Dodging        | 1 2 3 4 5 6 |  6.3
Axes           | 1 2 3 4 5 |  5.5

Action                   |  1- 3 |  4- 6 |  7- 9 | 10-12 || total
-------------------------+-------+-------+-------+-------++-------
Melee: Long sword        |   146 |     9 |       |       ||   155
       War axe           |       |    47 |   102 |       ||   149
       Hand axe          |       |    55 |    12 |       ||    67
       Great sword       |       |       |    54 |       ||    54
       Scimitar          |       |       |   133 |   143 ||   276
  Use: Scroll            |       |     4 |       |       ||     4
       Potion            |       |     1 |     2 |       ||     3
 Stab: Sleeping          |       |       |     1 |       ||     1
  Eat: Chunk             |     5 |    22 |    13 |     4 ||    44
Armor: Scale mail        |    85 |    25 |    64 |       ||   174
       Leather armour    |       |       |    21 |    31 ||    52
Dodge: Dodged            |    68 |    39 |   147 |    94 ||   348
Block: Shield            |    98 |    58 |   126 |   103 ||   385
       Rpst.: Long sword |    23 |     1 |       |       ||    24
       Great sword       |       |       |    20 |       ||    20
       Scimitar          |       |       |    19 |    18 ||    37
